 Dungeon Crawl Stone Soup version 0.29-a0-419-g77450f2105 (webtiles) character file.

Game seed: 10309524109896220021

357 KhasaRR the Slasher (level 6, 0/48 HPs)
             Began as a Demonspawn Berserker on May 18, 2022.
             Was a Believer of Trog.
             Slain by a gnoll
             ... wielding a +0 halberd
             ... led by a gnoll shaman
              (3 damage)
             ... on level 3 of the Dungeon.
             The game lasted 00:06:42 (1918 turns).

KhasaRR the Slasher (Demonspawn Berserker)          Turns: 1918, Time: 00:06:42

Health: 0/48       AC:  8    Str: 20    XL:     6   Next: 37%
Magic:  0/6        EV: 10    Int:  8    God:    Trog [**....]
Gold:   80         SH:  4    Dex: 12    Spells: 5/5 levels left

rFire   . . .      SeeInvis .   c - +3 falchion
rCold   . . .      Faith    .   (no shield)
rNeg    . . .      Spirit   +   g - +0 scale mail
rPois   .          Reflect  .   (no helmet)
rElec   .          Harm     .   (no cloak)
rCorr   .          Rampage  .   (no gloves)
Will    .....                   (no boots)
Stlth   ..........              k - amulet of guardian spirit
HPRegen 0.16/turn               (no ring)
MPRegen 0.10/turn               (no ring)

@: on berserk cooldown, slowed, very slow
A: hooves 1, slimy green scales 1, condensation shield, demonic magic 1
a: Renounce Religion, Berserk, Trog's Hand


You were on level 3 of the Dungeon.
You worshipped Trog.
Trog was pleased with you.
You visited 1 branch of the dungeon, and saw 3 of its levels.

You collected 80 gold pieces.

Inventory:

Hand Weapons
 c - a +3 falchion (weapon)
Armour
 a - a +0 animal skin
 g - a +0 scale mail (worn)
Jewellery
 k - an amulet of guardian spirit (around neck)
Wands
 i - a wand of iceblast (10)
Scrolls
 b - a scroll of enchant armour {unknown}
 d - a scroll of blinking {unknown}
 h - a scroll of amnesia
 j - a scroll of teleportation {unknown}
 n - a scroll of immolation {unknown}
 o - a scroll of noise {unknown}
 p - a scroll of vulnerability {unknown}
Potions
 e - a potion of attraction {unknown}
 f - a potion of resistance
 l - a potion of might {unknown}
 m - 2 potions of flight


   Skills:
 + Level 3.6 Fighting
 * Level 4.3 Long Blades
 * Level 3.0 Armour
 * Level 2.7 Dodging
 + Level 0.1 Stealth
 - Level 2.7 Unarmed Combat


You had 5 spell levels left.
You didn't know any spells.
Your spell library was empty.

Dungeon Overview and Level Annotations

Branches:
Dungeon (3/15)

Altars:
Nemelex Xobeh

Shops:
D:1 ?   D:2 (


Innate Abilities, Weirdness & Mutations

You have large cloven feet.
You are partially covered in slimy green scales. (AC +2)
A meltable shield of frost defends you. (SH +4)
Spells you cast may paralyse adjacent enemies.


Message History

You are no longer berserk.
You are exhausted.
You feel yourself slow down.
The ball python hisses angrily.
The gnoll hits you with a +0 halberd. The gnoll misses you.
Items here: )))) [ †.
You hit the gnoll.
The gnoll is moderately wounded.
Your skin stops crawling.
You feel less strong-willed. The gnoll hits you but does no damage.
The gnoll barely misses you. You block the gnoll's attack.
The gnoll hits you but does no damage.
You hit the gnoll but do no damage.
The gnoll is moderately wounded.
The ball python bites you but does no damage.
The ball python grabs you. The ball python constricts you.
The gnoll hits you with a +0 spear. The gnoll hits you with a +0 halberd.
The ball python barely misses you. The ball python constricts you.
You closely miss the gnoll. You kick the gnoll.
The gnoll is severely wounded.
The gnoll hits you with a +0 halberd. The gnoll hits you with a +0 spear.
The ball python bites you but does no damage.
The ball python constricts you. The ball python barely misses you.
The ball python constricts you. The gnoll hits you with a +0 halberd.
The gnoll barely misses you.
Aiming: Iceblast
Press: ? - help, Q - select action, (/) - cycle Shift-Dir - straight line, f - ball python
Aim: a ball python (constricting you) That beam is likely to hit you.
Continue anyway?
The mass of ice explodes!
The iceblast engulfs the ball python!
You kill the ball python!
Trog accepts your kill.
The iceblast engulfs the gnoll!
You kill the gnoll!
Trog accepts your kill.
The iceblast engulfs the gnoll!
The gnoll is almost dead.
The iceblast engulfs you!
* * * LOW HITPOINT WARNING * * *
The gnoll hits you with a +0 halberd.
You die...

.....#............≈..
........###......#≈##
.....##.# #......#≈#
#### #.# #####..# #
#.# ..# #.# .. #.#
#)# #@# #...).g.....#
#............#
#.........##..
...........#
##.........#
#..######## #..


You could see a gnoll.

Vanquished Creatures
  Grinder (D:3)
  A gnoll shaman (D:3)
  Ijyb (D:3)
  3 gnolls (D:3)
  2 adders (D:2)
  A worm (D:3)
  2 dart slugs
  4 bats
  4 endoplasms
  4 giant cockroaches
  4 goblins
  4 hobgoblins
  4 jackals (D:2)
  A quokka (D:1)
  4 ball pythons
  5 frilled lizards
  5 kobolds
  5 rats
55 creatures vanquished.

Notes
Turn   | Place    | Note
-------+----------+-------------------------------------------
     0 | D:1      | KhasaRR the Demonspawn Berserker began the quest for the
                  | Orb.
     0 | D:1      | Reached XP level 1. HP: 18/18 MP: 1/1
   145 | D:1      | Found Qoigg's Magic Scroll Shop.
   345 | D:1      | Gained mutation: You are partially covered in slimy green
                  | scales. (AC +2) [demonic ancestry]
   345 | D:1      | Reached XP level 2. HP: 14/24 MP: 2/2
   675 | D:1      | Reached skill level 1 in Long Blades
   697 | D:1      | Found a faded altar of an unknown god.
   907 | D:2      | Reached XP level 3. HP: 29/29 MP: 3/3
  1087 | D:2      | Reached ** piety under Trog
  1275 | D:2      | Found Josigroq's Antique Weapon Shop.
  1377 | D:2      | Reached skill level 2 in Long Blades
  1428 | D:2      | Gained mutation: Spells you cast may paralyse adjacent
                  | enemies. [demonic ancestry]
  1428 | D:2      | Reached XP level 4. HP: 35/35 MP: 4/4
  1495 | D:2      | Found a sparkling altar of Nemelex Xobeh.
  1700 | D:3      | Noticed Grinder
  1713 | D:3      | Killed Grinder
  1714 | D:3      | Reached skill level 3 in Long Blades
  1714 | D:3      | Gained mutation: A meltable shield of frost defends you.
                  | (SH +4) [demonic ancestry]
  1714 | D:3      | Reached XP level 5. HP: 31/41 MP: 2/5
  1714 | D:3      | Gained mutation: You have large cloven feet. [demonic
                  | ancestry]
  1714 | D:3      | Reached XP level 6. HP: 35/47 MP: 2/6
  1894 | D:3      | Noticed Ijyb
  1904 | D:3      | Killed Ijyb
  1905 | D:3      | Reached skill level 4 in Long Blades
  1918 | D:3      | Slain by a gnoll

Illustrated notes

Levels and vault maps discovered:
D:1:      minmay_arrival_cross, layout_rooms, serial_shops, shop,
          dreamdust_ecumenical_altar_hidden_monk_grotto,
          minmay_misc_feat_plants, kennysheep_small_spiral,
          chequers_serial_rivers_micro_e
D:2:      layout_basic, basic_altar, serial_shops, shop_fountains
D:3:      layout_rooms, old_standard_altar, serial_rivers,
          chequers_serial_rivers_large_a, chequers_serial_rivers_micro_a,
          chequers_serial_rivers_micro_a, chequers_serial_rivers_room_a,
          chequers_serial_rivers_micro_e, chequers_serial_rivers_large_b,
          serial_shops, nicolae_square_shop, uniq_crazy_yiuf_cottage, uniq_ijyb,
          uniq_grinder

Skill      XL: |  1  2  3  4  5  6 |
---------------+-------------------+-----
Dodging        | 2 |  2.7
Armour         | 2 3 |  3.0
Long Blades    | 1 2 3 4 |  4.3
Fighting       | |  3.6
Stealth        | |  0.1
Unarmed Combat | |  2.7

Action                   |  1- 3 |  4- 6 || total
-------------------------+-------+-------++-------
Melee: Unarmed           |    17 |       ||    17
       Falchion          |   102 |    30 ||   132
       Punch             |     1 |     1 ||     2
       Kick              |       |     5 ||     5
Invok: Berserk           |     3 |     2 ||     5
       Trog's Hand       |       |     2 ||     2
Evoke: Wand              |       |     1 ||     1
  Use: Scroll            |     3 |       ||     3
Armor: Animal skin       |     2 |       ||     2
       Scale mail        |    50 |    14 ||    64
Dodge: Dodged            |    73 |    11 ||    84
Block: Other             |       |     7 ||     7

Table legend: (Time is in decaauts)
 A = Elapsed time spent in this place.
 B = Non-inter-level travel time spent in this place.
 C = Inter-level travel time spent in this place.
 D = Time resting spent in this place.
 E = Time spent auto-exploring this place.
 F = Levels seen in this place.
 G = Mean time per level.
                   A        B        C        D        E       F      G
               +--------+--------+--------+--------+--------+-----+--------+
         Total |   1981 |   1925 |     56 |     89 |   1467 |   3 |  660.3 |
       Dungeon |   1981 |   1925 |     56 |     89 |   1467 |   3 |  660.3 |
               +--------+--------+--------+--------+--------+-----+--------+

Top non-repeatable levels by time:
     D:1: 919 daAuts
     D:2: 828 daAuts
     D:3: 234 daAuts
